 Dungeon Crawl Stone Soup version 0.22.0-18-ge075c0d (console) character file.

32 removed the Conjurer (level 3, 20/21 HPs)
             Began as a Halfling Conjurer on Aug 18, 2018.
             Was a Follower of the Shining One.
             Quit the game on level 2 of the Dungeon.
             The game lasted 00:03:16 (2203 turns).

removed the Conjurer (Halfling Conjurer)            Turns: 2203, Time: 00:03:16

Health: 20/21      AC:  2    Str:  9    XL:     3   Next: 45%
Magic:  5/5        EV: 15    Int: 14    God:    the Shining One [*.....]
Gold:   30         SH:  0    Dex: 14    Spells: 4/5 levels left

rFire    . . .     SeeInvis .   i - +0 whip
rCold    . . .     Gourm    .   (shield restricted)
rNeg     . . .     Faith    .   a - +0 robe
rPois    .         Spirit   .   (no helmet)
rElec    .         Reflect  .   (no cloak)
rCorr    .         Harm     .   (no gloves)
MR       .....                  (no boots)
Stlth    +.........             (no amulet)
HPRegen  0.07/turn              (no ring)
MPRegen  0.09/turn              (no ring)

@: glowing
A: small, mutation resistance 1
a: Renounce Religion


You were on level 2 of the Dungeon.
You worshipped the Shining One.
The Shining One was aware of your devotion.
You were not hungry.

You visited 1 branch of the dungeon, and saw 2 of its levels.

You collected 30 gold pieces.

Inventory:

Hand Weapons
 h - a cursed -2 club
 i - a +0 whip (weapon)
 l - a +0 dagger
Armour
 a - a +0 robe (worn)
Scrolls
 e - 2 scrolls of identify {unknown}
 f - a scroll of enchant weapon {unknown}
 g - 3 scrolls of remove curse {unknown}
 m - a scroll of teleportation {unknown}
Potions
 j - 2 potions of cancellation {unknown}
 n - a potion of heal wounds {unknown}
 o - 2 potions of curing {unknown}
 p - a potion of agility {unknown}
 q - a potion of degeneration {unknown}
Comestibles
 c - 7 rations
 r - 3 chunks of flesh


   Skills:
 - Level 2.1 Dodging
 - Level 2.1 Stealth
 - Level 1.5 Spellcasting
 + Level 4.2 Conjurations


You had 4 spell levels left.
You knew the following spells:

 Your Spells              Type           Power        Failure   Level  Hunger
a - Magic Dart            Conj           ##..         4%          1    ##.....

Your spell library contained the following spells:

 Spells                   Type           Power        Failure   Level  Hunger
 Searing Ray              Conj           ##....       7%          2    ###....
 Dazzling Spray           Conj/Hex       #.....       32%         3    ####...
 Iskenderun's Mystic Bla  Conj           ##......     41%         4    #####..
 Force Lance              Conj/Tloc      #.......     71%         4    #####..
 Fulminant Prism          Conj/Hex       #.........   71%         4    #####..


Dungeon Overview and Level Annotations

Branches:
Dungeon (2/15)

Altars:
The Shining One


Innate Abilities, Weirdness & Mutations

You are small and have problems with some larger weapons.
You are somewhat resistant to further mutation.


Message History

You start resting.
Magic restored.
Found a faded altar of an unknown god.
You enter the shallow water.
Moving in this stuff is going to be slow.
Why would you want to do that? Why would you want to do that?
An adder comes into view.
The adder hisses angrily.
The adder barely misses you. The adder bites you.
The adder bites you but does no damage. The adder misses you.
The adder barely misses you.
There is a faded altar of an unknown god here.
You cannot tell which god this altar belongs to.
Convert to them anyway?
The Shining One accepts your prayer! The Shining One welcomes you!
You and your allies can gain power from killing the unholy and evil.
The adder closely misses you.
Are you sure you want to abandon this character and quit the game? (Confirm with "yes".)

#..................#
#...............##.#
#.......≈.≈.≈...≈≈.#
#####.≈.≈≈≈.≈≈≈≈≈..#
#≈.≈≈≈≈≈≈≈≈≈≈≈.#
#..≈≈≈≈≈≈≈≈≈≈≈.#
#≈.≈≈≈≈w≈≈≈≈...#
#..≈≈≈≈S.≈≈≈≈..#
#≈.≈≈≈.@♣≈≈≈.≈.#
#.≈≈≈≈♣≈.≈≈≈≈≈.#
#..≈≈≈≈≈≈≈≈≈...#
#≈≈≈≈≈≈≈≈≈≈≈.≈##
#.≈≈≈≈≈≈≈≈≈≈.≈# #≈
≈.≈....≈.≈.# #
≈≈≈..≈.≈≈≈≈.#
##############


You could see a worm and an adder.

Vanquished Creatures
  A dart slug (D:2)
  A leopard gecko (D:2)
  An orc (D:1)
  3 giant cockroaches
  4 goblins
  3 hobgoblins
  A quokka (D:2)
  6 bats
  A frilled lizard (D:2)
  2 kobolds (D:2)
  4 rats
27 creatures vanquished.

Notes
Turn   | Place    | Note
-------+----------+-------------------------------------------
     0 | D:1      | removed the Halfling Conjurer began the quest for the Orb.
     0 | D:1      | Reached XP level 1. HP: 11/11 MP: 3/3
     2 | D:1      | Noticed a ghoul
     2 | D:1      | Noticed a human
     4 | D:1      | Noticed a vampire
     4 | D:1      | Noticed an octopode
     6 | D:1      | Noticed a demonspawn
     6 | D:1      | Noticed a felid
     8 | D:1      | Noticed a gargoyle
     8 | D:1      | Noticed a naga
    10 | D:1      | Noticed a dwarf
    12 | D:1      | Noticed a formicid
    12 | D:1      | Noticed a troll
    15 | D:1      | Noticed a centaur
    15 | D:1      | Noticed a tengu
    20 | D:1      | Noticed a draconian
    22 | D:1      | Noticed a merfolk
    22 | D:1      | Noticed a vine stalker
    24 | D:1      | Noticed a halfling
    24 | D:1      | Noticed an elf
    26 | D:1      | Noticed an ogre
    26 | D:1      | Noticed a spriggan
    28 | D:1      | Noticed a minotaur
    28 | D:1      | Noticed a demigod
   403 | D:1      | Reached XP level 2. HP: 17/17 MP: 1/4
  1251 | D:2      | Reached skill level 4 in Conjurations
  1251 | D:2      | Reached XP level 3. HP: 21/21 MP: 3/5
  2191 | D:2      | Found a faded altar of an unknown god.
  2202 | D:2      | Became a worshipper of the Shining One
  2202 | D:2      | Reached * piety under the Shining One
  2203 | D:2      | Quit the game

Skill      XL: |  1  2 |
---------------+-------+-----
Conjurations   | 4 |  4.2
Dodging        | |  2.1
Stealth        | |  2.1
Spellcasting   | |  1.5

Action                   || total
-------------------------++-------
Melee: Whip              ||    15
 Cast: Magic Dart        ||    72
  Eat: Chunk             ||     6
Armor: Robe              ||     2
Dodge: Dodged            ||    23
